jt, lawful male human Samurai @ @ @ --------- @ |.......| ----- AA|.......|@ ...| AL|..@@A..| ---------..-- ---- |....V..| |.......|...-- --.... | J|...A...| A| |.......|....---....... |.@----|---- .| |..._..)-)...)%).%..... |.a....A......| |.......|....---........ ---.........--- |.......|...-- --..%.... -----|----- ---------..-- ----)--- ....... ....| |./%------- ........ ------ |.%%......| ........ -------...-- ........ |....--..%))..- ---.%.----$--- |.......a... ------------ jt the Kokushu Experience level: 18 Strength: 18/** Dexterity: 23 Constitution: 18 Intelligence: 12 Wisdom: 18 Charisma: 11 Health: 435(456) Energy: 77(77) AC: -35 Gold: 0 Moves: 47828 Your Inventory: Amulets t - a blessed amulet of life saving (being worn) Weapons a - the blessed rustproof +7 Excalibur (weapon in hand) e - a blessed fireproof +6 thirsty elven broadsword (wielded in other hand) m - an uncursed +0 yumi E - a blessed [+0] athame F - 5 blessed [+0] arrows of detonation J - the blessed +0 Tsurugi of Muramasa L - 32 blessed +6 ya (in quiver) Armor f - a blessed +4 Hawaiian shirt (being worn) s - a blessed fireproof +4 pair of speed boots (being worn) y - an uncursed fireproof +5 pair of gauntlets of dexterity (being worn) z - a blessed greased fireproof +5 robe (being worn) M - an uncursed +4 reflecting dragon scale mail (being worn) S - a blessed greased rustproof +4 kabuto of telepathy (being worn) Comestibles Z - a blessed lizard corpse Spellbooks T - the blessed Book of the Dead Rings g - a blessed ring of conflict i - a blessed ring of teleport control Wands d - a blessed wand of death (0:2) H - an uncursed wand of cold (0:5) N - a blessed wand of death (1:4) O - an uncursed wand of death named Orcus (0:4) X - an uncursed wand of digging (0:4) Tools b - a blessed [magic] lamp called magic (lit) j - a blessed bag called holding [of holding] n - the uncursed Bell of Opening (0:0) q - a blessed key [skeleton key] u - a blessed [+0] unicorn horn v - an uncursed [tooled] horn called tooled w - a blessed stethoscope x - a blessed candelabrum [Candelabrum of Invocation] (7 candles attached) G - an uncursed sack K - an uncursed magic whistle U - an uncursed towel Gems c - an uncursed diamond named The Tears of Koth V - 2 uncursed emeralds named The Eye of Hera W - an uncursed ruby named The Heart of Casanova Contents of the bag of holding: 618 gold pieces an [uncursed] amulet of life saving an uncursed amulet of reflection a blessed rustproof +6 katana of reflection a blessed greased fireproof +5 cloak of magic resistance an uncursed +0 helm of opposite alignment a blessed +1 mummy wrapping an uncursed +0 oilskin cloak 2 [uncursed] K-rations an uncursed eucalyptus leaf an uncursed lembas wafer an uncursed lizard corpse 4 uncursed lumps of royal jelly an uncursed tin of nurse meat a blessed scroll called scare monster [of scare monster] a blessed scroll called scare monster [of scare monster] 8 blessed scrolls of blank paper 3 uncursed scrolls of blank paper 3 cursed scrolls of blank paper a blessed scroll of charging an [uncursed] scroll of create monster an uncursed scroll of earth a cursed scroll of earth an [uncursed] scroll of enchant armor an uncursed scroll of fire 7 blessed scrolls of remove curse a blessed scroll of stinking cloud an uncursed scroll of stinking cloud 17 blessed potions called water [of holy water] 3 blessed potions of full healing 2 uncursed potions of full healing a cursed potion of gain level an uncursed potion of speed an uncursed ring called slow digestion [of slow digestion] an uncursed ring of levitation an uncursed ring of levitation an uncursed ring of levitation an uncursed ring of polymorph an uncursed ring of polymorph control an uncursed ring of polymorph control an uncursed ring of sustain ability an uncursed ring of teleportation an uncursed wand of cold [0:4] an uncursed wand of cold [0:1] an uncursed wand of cold [0:1] an uncursed wand of cold named Asmodeus [0:1] a [cursed] wand of create monster [0:14] an [uncursed] wand of create monster [0:11] an [uncursed] wand of create monster [0:15] an uncursed wand of death (0:6) a blessed wand of digging [0:7] a blessed wand of digging [0:4] an uncursed wand of digging [0:0] an uncursed wand of digging [0:6] an uncursed wand of digging [0:7] an uncursed wand of digging [0:5] an uncursed wand of digging [0:7] an uncursed wand of digging [0:5] an uncursed wand of digging [0:7] an [uncursed] wand of digging [0:8] an uncursed wand of fire [0:8] an uncursed wand of fire [0:3] an uncursed wand of fire [0:6] an uncursed wand of fire [0:3] an uncursed wand of fire [0:3] an uncursed wand of fire [0:2] an [uncursed] wand of fire [0:7] an uncursed wand of light [0:13] an uncursed wand of light [0:13] an uncursed wand of lightning [0:6] an uncursed wand of lightning [0:7] an uncursed wand of lightning [0:2] an uncursed wand of lightning [0:5] an uncursed wand of lightning [0:3] an uncursed wand of polymorph [0:6] an uncursed wand of polymorph [0:4] an uncursed wand of probing [0:7] an uncursed wand of secret door detection (0:8) an uncursed wand of sleep [0:5] an uncursed wand of sleep [0:4] an uncursed wand of slow monster [0:4] an uncursed wand of speed monster (0:5) an uncursed wand of speed monster [0:3] a blessed wand of striking [0:4] an uncursed wand of striking [0:3] an uncursed wand of striking [0:2] an uncursed wand of striking [0:7] an uncursed wand of teleportation (0:6) an uncursed wand of teleportation (0:4) an uncursed wand of teleportation [0:5] an uncursed wand of teleportation [0:8] an uncursed wand of teleportation [0:6] an uncursed wand of wishing (1:2) an uncursed can of grease [0:2] a blessed [magic] lamp called magic an [uncursed magic] lamp called magic an uncursed magic marker (1:15) an uncursed magic marker (0:11) an uncursed magic marker (1:7) an uncursed magic marker [0:8] an uncursed [+0] unicorn horn 3 uncursed diamonds 4 uncursed garnet stones 3 uncursed jade stones a blessed luckstone 4 uncursed sapphires 3 uncursed turquoise stones Contents of the sack: an uncursed wand called cancellation [of cancellation (0:0)] an uncursed wand called cancellation [of cancellation (0:6)] an [uncursed] wand called cancellation [of cancellation (0:5)] Spells known in the end: Name Level Category Fail Memory a - protection 1 clerical 26% [|||||||.] b - light 1 divination 26% [|||||||.] c - levitation 4* escape 100% [........] d - wizard lock 2 matter 26% [|.......] e - create monster 2 clerical 26% [|.......] f - cause fear 3 enchantment 94% [|||.....] g - haste self 3 escape 94% [|||.....] h - dig 5 matter 100% [||||....] i - force bolt 1 attack 26% [||||....] j - detect unseen 3 divination 94% [||||....] k - healing 1 healing 26% [||||....] l - charm monster 3 enchantment 94% [|||||...] m - remove curse 3 clerical 94% [|||||...] n - cure blindness 2 healing 26% [|||||...] o - cure sickness 3 healing 94% [|||||...] p - jumping 1 escape 26% [|||||...] q - slow monster 2 enchantment 26% [|||||...] r - cone of cold 4 attack 100% [|||||...] s - sleep 1 enchantment 26% [|||||...] t - magic missile 2 attack 26% [|||||...] u - cancellation 7 matter 100% [|||||...] v - restore ability 4 healing 100% [|||||||.] w - invisibility 4 escape 100% [|||||||.] x - teleport away 6 escape 100% [|||||||.] y - detect treasure 4 divination 100% [||||||||] Your skills at the end: Fighting Skills martial arts [Basic / Master] two weapon combat [Skilled / Expert] body armor [Skilled / Expert] Weapon Skills short sword [Basic / Expert] broadsword [Skilled / Skilled] long sword [Skilled / Expert] bow [Skilled / Expert] Spellcasting Skills Final Attributes: You were the Hand of Elbereth. You were piously aligned. Hunger level was 1054. Your alignment was 249 / 249. Monster difficulty range was 16 - 57. Level difficulty was 65. You resisted fire. You resisted cold. You resisted sleep. You resisted disintegration. You resisted electricity. You resisted poison. You were immune to level-drain. You were magic-protected. You saw invisible. You were telepathic. You had automatic searching. You were invisible to others. You were stealthy. You were protected. You were very fast. You had reflection. Your life would have been saved. You were wielding two weapons at once. You were extremely lucky (13). You had extra luck. Good luck did not time out for you. You survived. Vanquished creatures: Demogorgon Cthulhu Asmodeus Baalzebub Dispater Geryon Orcus Yeenoghu Juiblex The Wizard of Yendor (5 times) Pestilence Famine (twice) Vlad the Impaler a mastodon 4 vorpal jabberwocks Medusa Croesus 8 krakens 5 iron golems 8 master liches 6 storm giants a titan 2 glass golems 11 balrogs 7 purple worms 2 gold dragons 33 wyverns 10 tatzelworms 15 amphiteres a draken 4 guivres 6 sarkanies 4 sirrushes 6 lindworms 5 leviathans 4 minotaurs 7 jabberwocks Ashikaga Takauji 13 baluchitheria 9 Angels 4 demiliches 8 stone golems 39 Olog-hai 3 Nazgul 24 pit fiends 3 sandestins 11 hell hounds 8 titanotheres 4 trappers a baby draken a baby leviathan a disenchanter 64 vampire lords 7 skeletons 2 shopkeepers 22 aligned priests 5 captains 7 shades 12 liches 4 water trolls 2 clay golems 10 nurses 18 ice devils 10 nalfeshnees Aphrodite 3 lurkers above 6 frost giants 7 ettins a golden naga 12 black puddings 58 vampires 10 lieutenants a watch captain 49 ghosts a barbarian 15 samurai a queen bee 11 locusts 3 winged gargoyles 12 giant mimics 8 zruties 2 fire giants 13 ogre kings an ice troll 19 rock trolls 8 umber hulks a flesh golem 2 Elvenkings 3 doppelgangers 11 hezrous 19 bone devils 2 large mimics 6 wumpuses a fire vortex a baby purple worm 11 long worms a couatl 64 stalkers 14 air elementals 3 fire elementals 18 earth elementals 13 water elementals 7 hill giants 5 giant mummies 7 xorns 39 giant zombies 9 elf-lords 33 sergeants 2 water demons 27 barbed devils 21 vrocks 5 salamanders 6 wargs 5 winter wolves 11 hell hound pups 21 small mimics 4 glass piercers 5 rodents of unusual size 7 warhorses 9 steam vortices 4 xans 8 ettin mummies 7 ogre lords 4 quantum mechanics 29 trolls a sasquatch 5 wood golems 3 erinyes 12 mariliths 3 djinn 9 sharks 9 electric eels 2 giant turtles 6 gelatinous cubes 4 large dogs 4 freezing spheres 4 flaming spheres 4 shocking spheres 5 large cats 5 tigers 4 gargoyles a dwarf king 2 tengu 4 ochre jellies 5 leocrottas 8 energy vortices 4 mountain centaurs 4 stone giants 5 elf mummies 6 human mummies 7 red nagas 9 green slimes 7 pit vipers 4 pythons a cobra 56 wraiths 5 carnivorous apes 35 ettin zombies 3 leather golems 7 Grey-elves 108 soldiers 4 watchmen 22 horned devils 9 succubi 12 incubi 3 chameleons 6 crocodiles 10 giant beetles 7 quivering blobs 17 cockatrices 93 wolves 11 winter wolf cubs a lynx 5 panthers 12 gremlins 2 spotted jellies 26 leprechauns 4 orc-captains 7 iron piercers 2 mumakil 22 giant spiders 4 scorpions 2 horses 3 ice vortices 4 black lights 7 vampire bats 7 forest centaurs 8 gnome kings 7 orc mummies 8 dwarf mummies 3 ogres 13 brown puddings 15 rust monsters 13 owlbears 8 yetis 3 gold golems 3 werewolves 20 Green-elves 3 piranhas 17 giant eels 14 lizards 25 ninja 2 chickatrices 3 dogs 5 dingos 5 housecats 4 jaguars a dwarf lord 6 blue jellies 3 gray unicorns 2 black unicorns 7 dust vortices 15 ravens 5 plains centaurs 9 gnome mummies 3 snakes 6 water moccasins 10 apes 54 human zombies 6 rope golems 22 Woodland-elves 16 soldier ants 5 fire ants 9 snow ants 33 bugbears 6 imps 92 lemures 15 quasits 12 wood nymphs 12 water nymphs 17 mountain nymphs 17 Mordor orcs 3 Uruk-hai 3 orc shamans 9 rock piercers 17 enormous rats 4 rock moles 6 ponies 9 fog clouds 17 yellow lights 3 shriekers 4 violet fungi 21 gnome lords 14 gnomish wizards 3 kobold mummies 3 red naga hatchlings 2 black naga hatchlings 2 golden naga hatchlings 2 guardian naga hatchlings 6 gray oozes 8 barrow wights 31 elf zombies 20 ghouls 4 straw golems 2 paper golems 4 wax golems 6 jellyfish 3 baby crocodiles 24 giant ants 3 little dogs 12 floating eyes 6 kittens 9 dwarves 15 homunculi 6 kobold lords 2 kobold shamans 6 hill orcs 25 rothes 2 rabid rats 4 centipedes 6 giant bats 12 monkeys 22 orc zombies 25 dwarf zombies 3 wererats 4 werejackals 4 muggers 9 iguanas 44 killer bees an acid blob 4 coyotes 2 gas spores 4 hobbits 11 manes 3 large kobolds 25 hobgoblins 15 giant rats 13 cave spiders 4 brown molds 3 yellow molds a green mold a red mold 72 gnomes 22 garter snakes 25 gnome zombies 6 geckos 20 jackals 4 foxes a kobold 7 goblins 3 sewer rats 12 grid bugs 10 bats 13 lichens 29 kobold zombies 11 newts 3146 creatures vanquished. Genocided or extinct species: mind flayers master mind flayers arch-liches disenchanters erinyes (extinct) electric eels 5 species genocided. 6 species extinct. Voluntary challenges: You used a wielded weapon 6087 times. You read items or engraved 162 times. You put on armor 161 times. You genocided 5 types of monsters. You never polymorphed an object. You changed form 2 times. You used no wishes. You wrote Elbereth's name 4 times. You never encountered a bones level. You used 1 Sokoban shortcut. Dungeon overview: The Dungeons of Doom: levels 1 to 25 Level 1 some fountains, a sink stairs to The Elemental Planes Level 2 (vault) Level 3 some fountains Level 4 (vault) a general store stairs to The Gnomish Mines Level 5 a general store, some fountains Level 6 a fountain, a sink Level 7 some fountains Level 8 many fountains Level 9 stairs to Sokoban Level 10 a fountain Level 11 (vault) some fountains stairs to Town Level 13 (vault) some fountains portal to Fort Ludios Level 14 some fountains Level 15 some fountains portal to The Quest Level 19 some fountains, many trees Level 20 a fountain Level 21 a fountain Level 23 portal to One-eyed Sam's Market Level 25 a magic chest, a fountain Gehennom: levels 26 to 50 Level 26 a temple, a magic chest stairs to The Dungeons of Doom Level 27 many fountains Level 29 a fountain Level 37 stairs to Vlad's Tower Level 38 a lighting shop, some altars, a magic chest, a fountain Level 39 many trees Level 42 portal to Gehennom Level 45 (wizard portal) portal to Gehennom Level 46 a magic chest Level 50 a temple The Gnomish Mines: levels 5 to 12 Level 5 stairs to The Dungeons of Doom Level 8 some shops, a temple to Amaterasu Omikami, a magic chest, a sink Level 12 some fountains The Quest: levels 1 to 6 Level 1 a magic chest portal to The Dungeons of Doom Sokoban: levels 6 to 8 Level 8 a magic chest stairs to The Dungeons of Doom Town: levels 8 to 10 Level 8 many shops, some fountains, a sink Level 9 many fountains, many trees Level 10 stairs to The Dungeons of Doom Fort Ludios: Level 1 a magic chest portal to The Dungeons of Doom One-eyed Sam's Market: Level 1 portal to The Dungeons of Doom Vlad's Tower: levels 33 to 36 Level 36 many trees stairs to Gehennom The Elemental Planes: Astral Plane <- You were here some temples Plane of Water portal to The Elemental Planes Plane of Earth portal to The Elemental Planes Plane of Air portal to The Elemental Planes Plane of Fire portal to The Elemental Planes History has recorded: On T:1 you entered the Dungeons of Doom to retrieve the Amulet of Yendor! On T:53 you reached level 2 of The Dungeons of Doom. On T:459 you advanced to experience level 2. On T:684 you reached level 3 of The Dungeons of Doom. On T:867 you reached level 4 of The Dungeons of Doom. On T:869 you advanced to experience level 3. On T:1182 you advanced to experience level 4. On T:1251 you reached level 5 of The Dungeons of Doom. On T:1367 you advanced to experience level 5. On T:2036 you advanced to experience level 6. On T:2100 you reached level 1 of The Gnomish Mines. On T:2138 you reached level 2 of The Gnomish Mines. On T:2769 you advanced to experience level 7. On T:2786 you reached level 3 of The Gnomish Mines. On T:3281 you reached level 4 of The Gnomish Mines. On T:3381 you advanced to experience level 8. On T:4742 you reached level 6 of The Dungeons of Doom. On T:5033 you advanced to experience level 9. On T:5255 you reached level 7 of The Dungeons of Doom. On T:5528 you reached level 8 of The Dungeons of Doom. On T:5936 you received advice from The Oracle. On T:6790 you reached level 9 of The Dungeons of Doom. On T:6872 you reached level 10 of The Dungeons of Doom. On T:7038 you reached level 3 of Sokoban. On T:7218 you advanced to experience level 10. On T:7447 you reached level 2 of Sokoban. On T:7787 you reached level 1 of Sokoban. On T:11131 you reached level 5 of The Gnomish Mines. On T:11486 you reached level 6 of The Gnomish Mines. On T:11734 you reached level 7 of The Gnomish Mines. On T:11887 you reached level 8 of The Gnomish Mines. On T:11930 you advanced to experience level 11. On T:15667 you received Snickersnee from Amaterasu Omikami. On T:15731 you received a rustproof katana of frost from Amaterasu Omikami. On T:16040 you were crowned as the Hand of Elbereth! On T:16548 you advanced to experience level 12. On T:17514 you reached level 11 of The Dungeons of Doom. On T:17661 you reached level 12 of The Dungeons of Doom. On T:17675 you reached level 14 of The Dungeons of Doom. On T:17764 you reached level 13 of The Dungeons of Doom. On T:18080 you reached level 3 of Town. On T:18433 you reached level 2 of Town. On T:18473 you reached level 1 of Town. On T:19818 you killed Aphrodite on level 2 of Town. On T:20911 you genocided all master mind flayers On T:21128 you reached level 15 of The Dungeons of Doom. On T:21255 you reached level 16 of The Dungeons of Doom. On T:21348 you reached level 1 of The Quest. On T:21476 you embarked upon an epic quest. On T:21483 you reached level 2 of The Quest. On T:21755 you reached level 17 of The Dungeons of Doom. On T:22030 you genocided all disenchanters On T:22032 you genocided all mind flayers On T:22081 you reached level 18 of The Dungeons of Doom. On T:22144 you reached level 19 of The Dungeons of Doom. On T:22281 you advanced to experience level 13. On T:22485 you reached level 20 of The Dungeons of Doom. On T:22684 you reached level 21 of The Dungeons of Doom. On T:23090 you reached level 22 of The Dungeons of Doom. On T:23196 you reached level 23 of The Dungeons of Doom. On T:23202 you reached level 1 of One-eyed Sam's Market. On T:23203 you killed Medusa on level 1 of One-eyed Sam's Market. On T:23679 you reached level 24 of The Dungeons of Doom. On T:23975 you reached The Castle. On T:25001 you reached The Valley of the Dead. On T:25216 you advanced to experience level 14. On T:25828 you reached level 2 of Gehennom. On T:26307 you reached level 3 of Gehennom. On T:28052 you reached Fort Knox. On T:28986 you killed Croesus in Fort Knox. On T:29087 you genocided all arch-liches On T:30313 you reached level 3 of The Quest. On T:30377 you advanced to experience level 15. On T:30517 you reached level 4 of The Quest. On T:30918 you reached level 6 of The Quest. On T:30953 you killed Ashikaga Takauji on level 6 of The Quest. On T:31318 you reached level 5 of The Quest. On T:32160 you completed the quest! On T:33871 you killed Asmodeus on level 3 of Gehennom. On T:34243 you reached level 4 of Gehennom. On T:34407 you killed Juiblex on level 4 of Gehennom. On T:34584 you reached level 5 of Gehennom. On T:34872 you reached level 6 of Gehennom. On T:35076 you reached level 7 of Gehennom. On T:35102 you killed Baalzebub on level 7 of Gehennom. On T:35527 you reached level 8 of Gehennom. On T:36001 you advanced to experience level 16. On T:36789 you reached level 9 of Gehennom. On T:36945 you reached level 10 of Gehennom. On T:37118 you reached level 11 of Gehennom. On T:37157 you reached level 12 of Gehennom. On T:37261 you killed Yeenoghu on level 12 of Gehennom. On T:37269 you reached level 4 of Vlad's Tower. On T:37498 you reached level 3 of Vlad's Tower. On T:37643 you reached level 2 of Vlad's Tower. On T:37749 you reached level 1 of Vlad's Tower. On T:37831 you killed Vlad the Impaler on level 1 of Vlad's Tower. On T:38601 you reached level 13 of Gehennom. On T:38992 you reached level 14 of Gehennom. On T:39030 you killed Geryon on level 14 of Gehennom. On T:39166 you killed Orcus on level 14 of Gehennom. On T:39186 you reached level 15 of Gehennom. On T:39297 you reached level 16 of Gehennom. On T:41019 you reached level 17 of Gehennom. On T:41368 you reached level 18 of Gehennom. On T:41384 you killed Dispater on level 17 of Gehennom. On T:41630 you advanced to experience level 17. On T:42104 you reached level 19 of Gehennom. On T:42463 you reached level 20 of Gehennom. On T:42623 you reached level 21 of Gehennom. On T:42626 you reached level 22 of Gehennom. On T:43546 you reached level 23 of Gehennom. On T:43818 you reached level 24 of Gehennom. On T:45432 you killed Wizard of Yendor on level 15 of Gehennom. On T:45440 you performed the invocation. On T:45441 you reached level 25 of Gehennom. On T:45478 you advanced to experience level 18. On T:45558 you killed Demogorgon on level 25 of Gehennom. On T:45657 you killed Cthulhu on level 25 of Gehennom. On T:45658 you gained the Amulet of Yendor! On T:46220 you killed Wizard of Yendor on level 8 of Gehennom. On T:47163 you reached the Plane of Fire. On T:47165 you lost the Amulet of Yendor. On T:47184 you killed Wizard of Yendor on the Plane of Fire. On T:47195 you killed Wizard of Yendor on the Plane of Fire. On T:47200 you killed Wizard of Yendor on the Plane of Fire. On T:47201 you gained the Amulet of Yendor! On T:47245 you reached the Plane of Air. On T:47412 you reached the Astral Plane. On T:47622 you reached the Plane of Water. On T:47629 you genocided all electric eels On T:47697 you reached the Astral Plane. On T:47723 you killed Famine on the Astral Plane. On T:47780 you killed Famine on the Astral Plane. On T:47812 you killed Pestilence on the Astral Plane. On T:47828 you lost the Amulet of Yendor. On T:47828 you offered the Amulet of Yendor to Amaterasu Omikami and ascended to the status of Demigod! Latest messages: K - an uncursed magic whistle. You produce a strange whistling sound. The Angel of Raijin zaps you with a magic missile! The magic missile misses the Angel of Raijin. The magic missile whizzes by you! The magic missile bounces! The magic missile whizzes by you! The Angel of Raijin zaps you with a magic missile! The magic missile whizzes by you! The magic missile bounces! There is an altar to Amaterasu Omikami (lawful) here. You offer the Amulet of Yendor to Amaterasu Omikami... An invisible choir sings, and you are bathed in radiance... The voice of Amaterasu Omikami booms out: "Congratulations, mortal!" "In return for thy service, I grant thee the gift of Immortality!" You ascend to the status of Demigod... Final status: Sayonara jt the Demigod... You and the guardian Angel of Amaterasu Omikami went to your reward with 144097 points, Excalibur (worth 4000 zorkmids and 10000 points) The Bell of Opening (worth 5000 zorkmids and 12500 points) The Candelabrum of Invocation (worth 5000 zorkmids and 12500 points) The Tsurugi of Muramasa (worth 4500 zorkmids and 11250 points) The Book of the Dead (worth 10000 zorkmids and 25000 points) 4 diamonds (worth 16000 zorkmids), 4 sapphires (worth 12000 zorkmids), 4 garnet stones (worth 2800 zorkmids), 3 turquoise stones (worth 6000 zorkmids), 3 jade stones (worth 900 zorkmids), 2 emeralds (worth 5000 zorkmids), 1 ruby (worth 3500 zorkmids), 2 amulets of life saving (worth 300 zorkmids), 1 amulet of reflection (worth 150 zorkmids), and 618 pieces of gold, after 47828 moves. You were level 18 with a maximum of 456 hit points when you ascended.